 Dungeon Crawl Stone Soup version 0.32-a0-886-g41c5271027 (webtiles) character file.

Game seed: 17402066796775481491

5707 gruber the Party-goer (level 10, -3/51 HPs)
             Began as a Vine Stalker Fighter on Apr 2, 2024.
             Was a Believer of Uskayaw.
             Slain by a vampire (10 damage)
             ... on level 9 of the Dungeon.
             The game lasted 00:07:27 (7689 turns).

gruber the Party-goer (Vine Stalker Fighter)        Turns: 7689, Time: 00:07:28

Health: -3/51      AC:  7    Str: 23    XL:     10   Next: 76%
Magic:  0/17       EV: 12    Int:  8    God:    Uskayaw [**....]
Gold:   496        SH:  5    Dex: 17    Spells: 9/9 levels left

rFire   + . .        m - +10 dagger of Okawaru's Generosity {flame, Fly rPois rF- Str+3}
rCold   + . .        c - +0 buckler
rNeg    . . .        H - +0 ring mail {rF+}
rPois   +            (no helmet)
rElec   .            r - scarf {rC+ rF+}
rCorr   .            (no gloves)
SInv    .            B - +0 pair of boots
Will    +....        (no amulet)
Stlth   +++          p - ring of poison resistance
HPRegen 1.08/turn    (no ring)
MPRegen 0.15/turn

%: guardian spirit
@: flying
A: fangs 3, regeneration 1, magic shield, antimagic bite, no potion heal 2
a: Renounce Religion, Stomp, Line Pass


You were on level 9 of the Dungeon.
You worshipped Uskayaw.
Uskayaw was aware of your devotion.
You visited 2 branches of the dungeon, and saw 10 of its levels.

You collected 496 gold pieces.

Inventory:

Hand Weapons
 h - a +1 dagger of venom
 m - the +10 dagger of Okawaru's Generosity (weapon) {flame, Fly rPois rF- Str+3}
   (You found it on level 3 of the Dungeon)

   Str+3:     It affects your strength (+3).
   rF-:       It makes you vulnerable to fire.
   rPois:     It protects you from poison.
   Fly:       It grants you flight.
Armour
 c - a +0 buckler (worn)
 r - a scarf of resistance (worn)
 B - a +0 pair of boots (worn)
 H - a +0 ring mail of fire resistance (worn)
Jewellery
 b - a +6 ring of intelligence
 p - a ring of poison resistance (left hand)
 t - a ring of wizardry
Wands
 s - a wand of warping (15)
 C - a wand of digging (6)
 D - a wand of charming (18)
 F - a wand of mindburst (18)
 J - a wand of flame (14)
Scrolls
 a - a scroll of torment {unknown}
 e - a scroll of revelation {unknown}
 f - 7 scrolls of teleportation {unknown}
 g - 9 scrolls of identify {unknown}
 l - 2 scrolls of immolation {unknown}
 n - a scroll of fog {unknown}
 o - a scroll of silence {unknown}
 u - 3 scrolls of vulnerability {unknown}
 y - 3 scrolls of poison {unknown}
 A - 3 scrolls of enchant armour {unknown}
 G - a scroll of fear {unknown}
 I - a scroll of brand weapon {unknown}
Potions
 d - 3 potions of might
 i - 4 potions of brilliance {unknown}
 j - 2 potions of enlightenment {unknown}
 k - a potion of degeneration {unknown}
 q - a potion of curing {unknown}
 v - a potion of ambrosia {unknown}
 w - 2 potions of cancellation {unknown}
 x - 2 potions of haste {unknown}
 z - a potion of attraction {unknown}
 E - a potion of lignification {unknown}


   Skills:
 - Level 5.0 Fighting
 - Level 7.0 Short Blades
 - Level 5.0 Armour
 - Level 5.0 Dodging
 + Level 6.0 Stealth
 - Level 5.0 Shields
 - Level 8.0 Invocations


You had 9 spell levels left.
You didn't know any spells.
Your spell library contained the following spells:

 Spells                   Type           Power      Damage    Failure   Level
 Freeze                   Ice            0%         1d3       63%         1
 Sublimation of Blood     Necr           0%         N/A       77%         2
 Frozen Ramparts          Ice            0%         1d1       94%         3
 Hailstorm                Conj/Ice       0%         3d5       94%         3
 Petrify                  Alch/Erth      0%         N/A       100%        4
 Irradiate                Conj/Alch      0%         3d11      100%        5


Dungeon Overview and Level Annotations

Branches:
Dungeon (9/15)             Temple (1/1) D:5             Orc (0/2) D:9
   Lair: D:8-11

Altars:
Ashenzari
Cheibriados
Dithmenos
Elyvilon
Fedhas
Gozag
Hepliaklqana
Kikubaaqudgha
Makhleb
Nemelex Xobeh
Okawaru
Qazlal
Sif Muna
Trog
Uskayaw
Vehumet
Wu Jian
Xom
Yredelemnul
Zin
The Shining One

Shops:
D:2 (   D:4 [*=


Innate Abilities, Weirdness & Mutations

You have razor-sharp teeth.
Your natural rate of healing is unusually fast.
When hurt, damage is shared between your health and your magic reserves.
Your bite disrupts and absorbs the magic of your enemies.
Potions cannot restore your health.


Message History

You hear some strange, mumbled words.
You are confused.
Found 19 gold pieces.
Something hits you. Something bites you but does no damage.
Something barely misses you. Something bites you but does no damage.
You hit something. You burn something. Something hits you.
Something barely misses you. Something hits you but does no damage.
Something bites you.
Something draws strength from your injuries!
Something hits you! Something bites you but does no damage.
Something completely misses you. Something bites you!
Something draws strength from your injuries!
Something hits you! Something bites you but does no damage.
You bump into the rock wall.
You feel less confused. Something hits you but does no damage.
Something bites you.
Something draws strength from your injuries!
You hit something. You burn something. You hit something. You burn something.
Your bite misses something. Something barely misses you. Something bites you.
Something draws strength from your injuries!
You miss something. You bite something. You drain its magic.
You feel invigorated. Something hits you. Something bites you.
Something draws strength from your injuries!
You puncture something! You burn something.
You can now pass through a line of other dancers.
You miss something. Something hits you!
* * * LOW HITPOINT WARNING * * *
Something bites you.
* * * LOW HITPOINT WARNING * * *
Something draws strength from your injuries!
You hit something but do no damage. Your bite misses something.
You hit something. You burn something. Something hits you but does no damage.
Something bites you!
* * * LOW HITPOINT WARNING * * *
Something draws strength from your injuries!
You hit something. You burn something. Your bite misses something.
Something hits you!
You die...
Your body falls in perfect tune with the rhythm.

....$..# ##<...<......
.......# #...........
#.....# ############
#.....# #.###.## ##
#.....# ###......### .
#.....# ###..###...#.##
#.....###....#.#......##
#.........##...#.#..#.#.
#.....{@..##..#.##....##
......########.##.#..#.>#.
...... #.#...#..#... .....
####.##..##..# #####
#....#..#...#)
###..#..#.#.#.
#..#.##...#..#
####...#.##.##
#...#..#.....


There were no monsters in sight!

Vanquished Creatures
  A cyclops (D:9)
  A troll (D:9)
  Sigmund (D:6)
  8 yaks
  Grum (D:8)
  A steam dragon (D:9)
  A water moccasin (D:6)
  2 orc warriors (D:9)
  2 ice beasts
  3 ogres
  4 wolves (D:8)
  2 kobold brigands
  4 bullfrogs
  Blork the orc (D:6)
  A gnoll sergeant (D:8)
  A scorpion (D:5)
  3 wights (D:8)
  11 killer bees (D:8)
  A howler monkey (D:7)
  8 hounds
  4 bombardier beetles
  3 jellies (D:6)
  Crazy Yiuf (D:6)
  4 orc priests
  A sleepcap (D:6)
  4 iguanas
  8 orc wizards
  5 gnolls (D:8)
  9 adders
  2 shadow imps
  A white imp (D:7)
  2 ufetubi (D:7)
  A ribbon worm (D:4)
  20 orcs
  4 ball pythons
  9 endoplasms
  7 giant cockroaches
  4 goblins
  3 hobgoblins
  22 kobolds
  8 quokkas
  5 bats
  5 frilled lizards
  3 rats
192 creatures vanquished.

Notes
Turn   | Place    | Note
-------+----------+-------------------------------------------
     0 | D:1      | gruber the Vine Stalker Fighter began the quest for the
                  | Orb.
     0 | D:1      | Reached XP level 1. HP: 11/11 MP: 2/2
   211 | D:1      | Reached XP level 2. HP: 16/16 MP: 3/3
   859 | D:2      | Reached XP level 3. HP: 19/19 MP: 4/4
  1007 | D:2      | Found Momis's Weapon Shoppe.
  1231 | D:3      | Identified the +10 dagger of Okawaru's Generosity {flame,
                  | Fly rPois rF- Str+3}
  1387 | D:3      | Reached XP level 4. HP: 23/23 MP: 3/5
  1453 | D:3      | Found a hazy altar of Hepliaklqana.
  1706 | D:3      | Found a shimmering blue altar of Sif Muna.
  2275 | D:4      | Noticed an ogre
  2300 | D:4      | Found Kidauzud's Antique Armour Emporium.
  2306 | D:4      | Reached XP level 5. HP: 26/27 MP: 4/6
  2337 | D:4      | Killed an ogre
  2338 | D:4      | Reached skill level 5 in Short Blades
  2359 | D:4      | Found a stormy altar of Qazlal.
  2447 | D:4      | Found Anefaux's Jewellery Shoppe.
  2587 | D:4      | Found Obegi's General Store.
  2632 | D:4      | Reached XP level 6. HP: 27/32 MP: 4/7
  3623 | D:5      | Entered Level 5 of the Dungeon
  3675 | D:5      | Found a staircase to the Ecumenical Temple.
  3702 | Temple   | Entered the Ecumenical Temple
  3723 | D:5      | Reached XP level 7. HP: 34/35 MP: 8/8
  3745 | D:5      | Found an ornate altar of the Wu Jian Council.
  3854 | D:5      | Found a white marble altar of Elyvilon.
  3939 | D:5      | Found a hide-covered altar of Uskayaw.
  4059 | D:5      | Became a worshipper of Uskayaw the Reveller
  4296 | D:6      | Reached * piety under Uskayaw
  4298 | D:6      | Reached ** piety under Uskayaw
  4313 | D:6      | Noticed Blork the orc
  4320 | D:6      | Killed Blork the orc
  4321 | D:6      | Reached skill level 1 in Dodging
  4323 | D:6      | Reached *** piety under Uskayaw
  4326 | D:6      | Reached **** piety under Uskayaw
  4415 | D:6      | Gained mutation: You have razor-sharp teeth. [Vine Stalker
                  | growth]
  4415 | D:6      | Reached XP level 8. HP: 37/39 MP: 7/9
  4879 | D:6      | Found a runed translucent door.
  4880 | D:6      | Noticed Crazy Yiuf
  4897 | D:6      | Noticed Sigmund
  4901 | D:6      | Killed Sigmund
  4902 | D:6      | Reached skill level 5 in Armour
  5052 | D:6      | Reached ***** piety under Uskayaw
  5488 | D:6      | Killed Crazy Yiuf
  5619 | D:7      | Found a bloodstained altar of Trog.
  5997 | D:7      | Reached XP level 9. HP: 43/43 MP: 10/10
  6136 | D:7      | Reached skill level 5 in Shields
  6506 | D:8      | Reached skill level 5 in Dodging
  6573 | D:8      | Reached skill level 5 in Fighting
  6574 | D:8      | Reached skill level 2 in Invocations
  6579 | D:8      | Reached skill level 3 in Invocations
  6722 | D:8      | Reached skill level 4 in Invocations
  6751 | D:8      | Noticed Grum
  6770 | D:8      | Reached skill level 5 in Invocations
  6770 | D:8      | Reached XP level 10. HP: 51/51 MP: 14/14
  6779 | D:8      | Killed Grum
  6844 | D:8      | Reached skill level 6 in Invocations
  6973 | D:8      | Found an opulent altar of Gozag.
  6991 | D:8      | Found a glowing silver altar of Zin.
  7251 | D:9      | Reached skill level 7 in Invocations
  7361 | D:9      | Found a staircase to the Orcish Mines.
  7375 | D:9      | Noticed a cyclops
  7388 | D:9      | Reached skill level 8 in Invocations
  7389 | D:9      | Killed a cyclops
  7416 | D:9      | Reached skill level 5 in Stealth
  7416 | D:9      | Reached ****** piety under Uskayaw
  7689 | D:9      | Slain by a vampire

Illustrated notes

Levels and vault maps discovered:
D:1:      dpeg_arrival_leaves_temple_mockup, layout_loops_cross, serial_glass,
          glass_columns_a, glass_columns_b, minmay_misc_feat_more_columns,
          st_stairs_2
D:2:      layout_basic, serial_shops, nicolae_shop_hallway_stairs
D:3:      layout_basic, hellmonk_sif_muna_bookshelves,
          worldfamousw_hep_ancestral_shrine, dk_noncrumbling_3,
          wad_floor_pattern_1, kennysheep_generic_room_5
D:4:      layout_layer_cave, mainiacjoe_overflow_tiny_flanked, serial_shops,
          nicolae_shop_window_shopping, nicolae_shop_waterfront, shop,
          hangedman_abyss_or_decor_stagger
D:5:      layout_rooms, nzn_wu_jian_contemplation, kennysheep_mini,
          nicolae_overflow_crystal_walls, minmay_temple_entry_wispy,
          hangedman_decor_opposing
D:6:      layout_loops_corners, serial_glass, glass_columns_a, glass_columns_a,
          minmay_pentangle, uniq_crazy_yiuf_cottage, uniq_blork_the_orc,
          uniq_sigmund
D:7:      layout_gridville, mainiacjoe_overflow_24_doors
D:8:      layout_loops_ring, mainiacjoe_overflow_brackets,
          grunt_gozag_breadcrumbs, minmay_misc_feat_enclosed, uniq_grum
D:9:      layout_irregular_city, erik_orc_3
Temple:   hc_temple_tempest_star

Skill      XL: |  1  2  3  4  5  6  7  8  9 10 |
---------------+-------------------------------+-----
Short Blades   | 2 3 4 5 6 7 |  7.0
Armour         | 3 5 |  5.0
Dodging        | 1 3 5 |  5.0
Shields        | 3 4 5 |  5.0
Fighting       | 5 |  5.0
Invocations    | 5 8 |  8.0
Stealth        | 6 |  6.0

Action                     |  1- 3 |  4- 6 |  7- 9 | 10-12 || total
---------------------------+-------+-------+-------+-------++-------
  Melee: Rapier            |    39 |       |       |       ||    39
         Bite              |    25 |    19 |    55 |    33 ||   132
         Dagger            |    47 |    85 |   213 |   134 ||   479
 Invoke: Grand Finale      |       |       |       |     1 ||     1
   Stab: Paralysed         |       |       |     9 |     6 ||    15
 Armour: Scale mail        |    49 |    40 |    68 |    23 ||   180
         Skin              |       |       |     9 |       ||     9
         Ring mail         |       |       |       |    58 ||    58
  Dodge: Dodged            |    18 |    18 |    69 |    40 ||   145
  Block: Buckler           |    20 |     7 |    46 |    23 ||    96

Table legend: (Time is in decaauts)
 A = Elapsed time spent in this place.
 B = Non-inter-level travel time spent in this place.
 C = Inter-level travel time spent in this place.
 D = Time resting spent in this place.
 E = Time spent auto-exploring this place.
 F = Levels seen in this place.
 G = Mean time per level.
                   A        B        C        D        E       F      G
               +--------+--------+--------+--------+--------+-----+--------+
         Total |   7548 |   7092 |    456 |      0 |   6053 |  10 |  754.8 |
       Dungeon |   7546 |   7091 |    455 |      0 |   6053 |   9 |  838.4 |
        Temple |      1 |      0 |      1 |      0 |      0 |   1 |    1.0 |
               +--------+--------+--------+--------+--------+-----+--------+

Top non-repeatable levels by time:
     D:6: 1379 daAuts
     D:4: 1314 daAuts
     D:3: 1147 daAuts
     D:8: 825 daAuts
     D:7: 740 daAuts
     D:1: 652 daAuts
     D:5: 543 daAuts
     D:2: 487 daAuts
     D:9: 454 daAuts
  Temple: 1 daAuts
